Sabres vs Flyers
(R1)
Created - June 2, 2018 at 22:52
Goals
|
| Sabres |
1 |
2 |
3 |
6 |
| Flyers |
0 |
0 |
1 |
1 |
|
Shots
|
| Sabres |
6 |
11 |
12 |
29 |
| Flyers |
12 |
6 |
17 |
35 |
|
1st period
1. Sabres , Kyle Okposo 3 (Ilya Kovalchuk 28) at 2:12 (PP)
Penalties :
Dany Heatley (Phi) for Roughing (Minor) at 1:27, Drew Miller (Phi) for Hooking (Minor) at 10:03, Brian McGrattan (Phi) for Slashing (Minor) at 13:20
2nd period
2. Sabres , Evander Kane 10 (Vincent Lecavalier 10, Jakub Kindl 4) at 3:41
3. Sabres , Ilya Kovalchuk 15 (Scottie Upshall 3) at 8:46
Penalties :
Kyle Wellwood (Phi) for Roughing (Minor) at 11:11, Matt Martin (Buf) for High sticking (Minor) at 14:57
3rd period
4. Sabres , Andrei Loktionov 9 (Evander Kane 10) at 1:57
5. Sabres , Vincent Lecavalier 11 (Brad Richardson 10) at 13:54
6. Flyers , Jaromir Jagr 9 (Oliver Ekman-Larsson 11, J.T. Miller 11) at 14:06
7. Sabres , Ryan O'Reilly 7 (Ilya Kovalchuk 29) at 18:38
Penalties :
Drew Miller (Phi) for Hooking (Minor) at 4:41, Drew Miller (Phi) for Holding (Minor) at 7:44, Michael Kostka (Buf) for Hooking (Minor) at 11:01, Chris Mcallister (Phi) for Holding (Minor) at 15:04
Goalie Stats
Jonas Hiller (Buf), 34 saves from 35 shots - (0.971), W, 4-1-0, 60:00 minutes
Cory Schneider (Phi), 9 saves from 11 shots - (0.818), 18:03 minutes
Steve Mason (Phi), 14 saves from 18 shots - (0.778), L, 10-6-0, 41:57 minutes
Players Stats for Sabres
Player Name G A P +/- PIM S H SB GA TA FO MP PP MP PK MP
------------------------------------------------------------------------------------
Andrei Loktionov 1 0 1 1 0 3 1 0 0 0 3/8 16:27 7:10 0:00
Brad Richardson 0 1 1 2 0 1 2 2 0 0 0/1 12:04 0:04 0:00
Brandon Sutter 0 0 0 0 0 1 1 0 0 0 4/7 9:20 0:04 2:17
Darcy Hordichuk 0 0 0 1 0 1 1 0 0 0 0/0 12:15 0:13 2:04
Evander Kane 1 1 2 2 0 4 2 0 1 0 1/1 18:42 5:25 1:07
Ilya Kovalchuk 1 2 3 1 0 7 2 1 0 0 0/0 22:51 7:01 0:47
Jakub Kindl 0 1 1 2 0 1 3 1 0 0 0/0 17:28 0:00 0:53
Jared Cowen 0 0 0 2 0 2 0 2 0 1 0/0 27:24 7:06 1:36
Jordan Leopold 0 0 0 0 0 1 0 2 0 0 0/0 7:38 0:00 0:00
Kyle Okposo 1 0 1 0 0 2 1 0 0 0 1/1 11:17 5:25 0:00
Matt Martin 0 0 0 0 2 0 1 0 0 0 0/0 6:33 0:00 0:22
Michael Kostka 0 0 0 2 2 0 0 2 2 0 0/0 26:33 7:06 0:43
Rob Scuderi 0 0 0 2 0 0 3 3 0 0 0/0 24:58 5:33 2:22
Ryan O'Reilly 1 0 1 1 0 3 1 0 0 0 11/29 16:43 0:00 0:32
Scottie Upshall 0 1 1 1 0 1 1 0 0 0 0/1 15:35 0:00 0:00
Vincent Lecavalier 1 1 2 2 0 2 4 0 0 2 10/13 18:01 5:25 0:47
Wade Redden 0 0 0 0 0 0 0 2 1 0 0/0 16:01 5:33 2:22
Zack Kassian 0 0 0 1 0 0 1 0 0 0 0/0 16:10 7:10 0:00
Players Stats for Flyers
Player Name G A P +/- PIM S H SB GA TA FO MP PP MP PK MP
------------------------------------------------------------------------------------
Brian Lashoff 0 0 0 -2 0 0 0 0 0 0 0/0 11:28 0:00 0:00
Brian McGrattan 0 0 0 -1 2 0 2 0 0 0 0/0 7:53 0:00 0:00
Chris Mcallister 0 0 0 -1 2 0 1 0 1 0 0/0 12:56 0:00 4:16
Dany Heatley 0 0 0 0 2 3 3 0 0 0 0/3 10:36 1:49 0:19
Drew Miller 0 0 0 -4 6 4 2 0 0 0 0/1 17:31 0:00 3:27
J.T. Miller 0 1 1 1 0 4 0 0 0 0 1/2 19:39 2:09 4:37
Jakub Voracek 0 0 0 -4 0 1 5 1 0 0 0/0 15:09 1:49 0:00
Jaromir Jagr 1 0 1 1 0 3 0 0 0 0 0/0 15:02 2:09 0:00
Jeff Carter 0 0 0 1 0 2 2 0 0 0 11/21 15:14 2:09 0:12
Jonathan Ericsson 0 0 0 0 0 2 1 0 0 0 0/0 21:02 1:42 5:28
Kyle Wellwood 0 0 0 -4 2 0 1 0 1 0 11/21 17:43 1:49 2:23
Marcus Kruger 0 0 0 0 0 3 1 0 0 0 4/5 12:05 0:00 3:18
Mats Zuccarello 0 0 0 0 0 2 0 0 0 0 0/0 8:26 0:00 0:00
Matt Smaby 0 0 0 0 0 3 1 1 0 0 0/0 20:27 1:42 5:28
Matthew Lombardi 0 0 0 -1 0 1 2 0 1 0 4/8 15:00 0:00 6:46
Oliver Ekman-Larsson 0 1 1 -2 0 2 1 3 0 0 0/0 28:05 2:16 7:11
Randy Jones 0 0 0 -2 0 2 0 0 0 1 0/0 11:28 0:00 0:00
Tom Poti 0 0 0 -2 0 3 2 1 0 3 0/0 27:30 2:16 7:11
3 Stars
1 - Ilya Kovalchuk (Buf)
2 - Jonas Hiller (Buf)
3 - Vincent Lecavalier (Buf)
Power Play
Sabres - 1 on 7 Attempt(s) - 14.29%
Flyers - 0 on 2 Attempt(s) - 0.00%
Penalty Kill
Sabres - 2 on 2 Attempt(s) - 100.00%
- Score 0 goal in Penalty Kill
Flyers - 6 on 7 Attempt(s) - 85.71%
- Score 0 goal in Penalty Kill
Team Stat
Sabres - Hits : 24 - Faceoff Wins : 30 - Blocked Shots : 15 - Penalty Minutes : 4
Flyers - Hits : 24 - Faceoff Wins : 31 - Blocked Shots : 6 - Penalty Minutes : 14
Official
Referees : Joannette Marc and Dwyer Gord
Linesman : Bryan Pancich and Lyle Seitz
Game Notes
Cory Schneider enters game at 1:57 of 3rd period
Finance
Level 1 -- Attendance: 6000 (100.00%) -- Ticket Income $750,000
Level 2 -- Attendance: 5000 (100.00%) -- Ticket Income $375,000
Level 3 -- Attendance: 2000 (100.00%) -- Ticket Income $100,000
Level 4 -- Attendance: 4000 (100.00%) -- Ticket Income $160,000
Luxury Box -- Attendance: 1000 (100.00%) -- Ticket Income $250,000
Game was played at the Wells Fargo Center.
Total Attendance: 18000 (100.00%)
Total Ticket Income: $1,635,000
Other Income: $245,250
Total Income: $1,880,250
Sabres
5 vs 5 Forward
Center Left Wing Right Wing Time % Phy DF OF
1 Ryan O'Reilly Ilya Kovalchuk Scottie Upshall 39 0 0 5
2 Vincent Lecavalier Evander Kane Brad Richardson 30 0 0 5
3 Andrei Loktionov Darcy Hordichuk Zack Kassian 21 0 1 4
4 Brandon Sutter Matt Martin Kyle Okposo 10 0 2 3
5 vs 5 Defense
Defense Defense Time % Phy DF OF
1 Jared Cowen Michael Kostka 41 0 5 0
2 Rob Scuderi Jakub Kindl 39 0 5 0
3 Wade Redden Jordan Leopold 20 0 5 0
4 Wade Redden Jordan Leopold 0 1 2 2
PowerPlay Forward
Center Left Wing Right Wing Time % Phy DF OF
1 Andrei Loktionov Ilya Kovalchuk Zack Kassian 55 0 0 5
2 Vincent Lecavalier Evander Kane Kyle Okposo 45 0 0 5
PowerPlay Defense
Defense Defense Time % Phy DF OF
1 Michael Kostka Jared Cowen 55 0 1 4
2 Rob Scuderi Wade Redden 45 0 2 3
Penalty Kill 4 Players Forward
Center Wing Time % Phy DF OF
1 Brandon Sutter Darcy Hordichuk 60 0 5 0
2 Vincent Lecavalier Ilya Kovalchuk 40 0 5 0
Penalty Kill 4 Players Defense
Defense Defense Time % Phy DF OF
1 Wade Redden Rob Scuderi 60 0 5 0
2 Michael Kostka Jared Cowen 40 0 5 0
Penalty Kill - 3 Players Forward
Forward Time % Phy DF OF
1 Brandon Sutter 60 0 5 0
2 Ilya Kovalchuk 40 0 5 0
Penalty Kill - 3 Players Defense
Defense Defense Time % Phy DF OF
1 Wade Redden Rob Scuderi 60 0 5 0
2 Michael Kostka Jared Cowen 40 0 5 0
4 vs 4 Forward
Center Wing Time % Phy DF OF
1 Ilya Kovalchuk Vincent Lecavalier 60 0 1 4
2 Darcy Hordichuk Evander Kane 40 0 2 3
4 vs 4 Defense
Defense Defense Time % Phy DF OF
1 Wade Redden Rob Scuderi 60 0 5 0
2 Jakub Kindl Jared Cowen 40 0 5 0
Last Minutes Offensive
Center Left Wing Right Wing Defense Defense
Vincent Lecavalier Ilya Kovalchuk Kyle Okposo Michael Kostka Jared Cowen
Last Minutes Defensive
Center Left Wing Right Wing Defense Defense
Vincent Lecavalier Ilya Kovalchuk Kyle Okposo Michael Kostka Jared Cowen
Goaltenders
Starting : Jonas Hiller
Backup : Robin Lehner
Extra Forwards
Normal : Andrei Loktionov, Zack Kassian, Ryan O'Reilly - PP : Andrei Loktionov, Zack Kassian - PK : Matt Martin
Extra Defensemen
Normal : Jordan Leopold, Jakub Kindl, Rob Scuderi - PP : Jordan Leopold - PK : Jakub Kindl, Rob Scuderi
Penalty Shots
Ilya Kovalchuk, Vincent Lecavalier, Darcy Hordichuk, Evander Kane, Kyle Okposo
Scratches
Ales Kotalik (Healthy), Zach Bogosian (Broken Right Foot Toe Injury)
Flyers
5 vs 5 Forward
Center Left Wing Right Wing Time % Phy DF OF
1 Jeff Carter J.T. Miller Jaromir Jagr 35 0 0 5
2 Kyle Wellwood Drew Miller Jakub Voracek 35 0 0 5
3 Matthew Lombardi Chris Mcallister Brian McGrattan 20 0 5 0
4 Marcus Kruger Dany Heatley Mats Zuccarello 10 0 1 4
5 vs 5 Defense
Defense Defense Time % Phy DF OF
1 Tom Poti Oliver Ekman-Larsson 40 0 3 2
2 Jonathan Ericsson Matt Smaby 30 0 3 2
3 Brian Lashoff Randy Jones 20 0 5 0
4 Oliver Ekman-Larsson Jonathan Ericsson 10 0 2 3
PowerPlay Forward
Center Left Wing Right Wing Time % Phy DF OF
1 Jeff Carter J.T. Miller Jaromir Jagr 60 0 0 5
2 Kyle Wellwood Dany Heatley Jakub Voracek 40 0 0 5
PowerPlay Defense
Defense Defense Time % Phy DF OF
1 Tom Poti Oliver Ekman-Larsson 60 0 2 3
2 Matt Smaby Jonathan Ericsson 40 0 2 3
Penalty Kill 4 Players Forward
Center Wing Time % Phy DF OF
1 Matthew Lombardi Drew Miller 60 0 5 0
2 Kyle Wellwood Chris Mcallister 40 0 5 0
Penalty Kill 4 Players Defense
Defense Defense Time % Phy DF OF
1 Oliver Ekman-Larsson Tom Poti 60 0 5 0
2 Matt Smaby Jonathan Ericsson 40 0 5 0
Penalty Kill - 3 Players Forward
Forward Time % Phy DF OF
1 Matthew Lombardi 60 0 5 0
2 Kyle Wellwood 40 0 5 0
Penalty Kill - 3 Players Defense
Defense Defense Time % Phy DF OF
1 Oliver Ekman-Larsson Tom Poti 60 0 5 0
2 Jonathan Ericsson Matt Smaby 40 0 5 0
4 vs 4 Forward
Center Wing Time % Phy DF OF
1 Jeff Carter J.T. Miller 60 0 0 5
2 Kyle Wellwood Drew Miller 40 0 0 5
4 vs 4 Defense
Defense Defense Time % Phy DF OF
1 Tom Poti Oliver Ekman-Larsson 60 0 3 2
2 Matt Smaby Jonathan Ericsson 40 0 3 2
Last Minutes Offensive
Center Left Wing Right Wing Defense Defense
Jeff Carter Dany Heatley Jaromir Jagr Oliver Ekman-Larsson Jonathan Ericsson
Last Minutes Defensive
Center Left Wing Right Wing Defense Defense
Matthew Lombardi Drew Miller Brian McGrattan Oliver Ekman-Larsson Tom Poti
Goaltenders
Starting : Steve Mason
Backup : Cory Schneider
Extra Forwards
Normal : Jeff Carter, Kyle Wellwood, Jakub Voracek - PP : Jeff Carter, Kyle Wellwood - PK : Matthew Lombardi
Extra Defensemen
Normal : Oliver Ekman-Larsson, Matt Smaby, Tom Poti - PP : Tom Poti - PK : Oliver Ekman-Larsson, Jonathan Ericsson
Penalty Shots
Jeff Carter, Kyle Wellwood, Matthew Lombardi, Jaromir Jagr, Drew Miller
Scratches
Jeff Woywitka (Broken Bone (Left Foot) Injury)
% Time on Ice - Sabres
Lines # - Real PCT - Wanted PCT - Time Play
Normal Forward
1 - 38% - 39% - 16:28
2 - 27% - 30% - 11:49
3 - 21% - 21% - 8:54
4 - 14% - 10% - 6:12
Normal Defense
1 - 43% - 41% - 18:45
2 - 41% - 39% - 17:55
3 - 15% - 20% - 6:43
4 - 0% - 0% - 0:00
PP Forward
1 - 57% - 55% - 7:14
2 - 43% - 45% - 5:25
PP Defense
1 - 56% - 55% - 7:06
2 - 44% - 45% - 5:33
PK Forward
1 - 80% - 60% - 3:11
2 - 20% - 40% - 0:47
PK Defense
1 - 60% - 60% - 2:22
2 - 40% - 40% - 1:36
PK3 Forward
1 - 0% - 60%
2 - 0% - 40%
PK3 Defense
1 - 0% - 60%
2 - 0% - 40%
44 Forward
1 - 0% - 60%
2 - 0% - 40%
44 Defense
1 - 0% - 60%
2 - 0% - 40%
Last Minute Offensive - 0:00
Last Minute Defensive - 0:00
Total
Forward - 60:00
Defense - 60:00
|
% Time on Ice - Flyers
Lines # - Real PCT - Wanted PCT - Time Play
Normal Forward
1 - 32% - 35% - 13:40
2 - 31% - 35% - 13:32
3 - 18% - 20% - 7:45
4 - 19% - 10% - 8:26
Normal Defense
1 - 42% - 40% - 18:03
2 - 30% - 30% - 12:48
3 - 26% - 20% - 11:28
4 - 2% - 10% - 1:04
PP Forward
1 - 54% - 60% - 2:09
2 - 46% - 40% - 1:49
PP Defense
1 - 57% - 60% - 2:16
2 - 43% - 40% - 1:42
PK Forward
1 - 75% - 60% - 9:27
2 - 25% - 40% - 3:12
PK Defense
1 - 57% - 60% - 7:11
2 - 43% - 40% - 5:28
PK3 Forward
1 - 0% - 60%
2 - 0% - 40%
PK3 Defense
1 - 0% - 60%
2 - 0% - 40%
44 Forward
1 - 0% - 60%
2 - 0% - 40%
44 Defense
1 - 0% - 60%
2 - 0% - 40%
Last Minute Offensive - 0:00
Last Minute Defensive - 0:00
Total
Forward - 60:00
Defense - 60:00
|
Play by Play
1st period
0:01 of 1st period - Ryan O'Reilly wins face-off versus Jeff Carter in neutral zone.
1:17 of 1st period - Snap shot by Kyle Okposo.
1:17 of 1st period - Stopped by Steve Mason with a rebound.
1:27 of 1st period - Minor Penalty to Dany Heatley for Roughing.
1:28 of 1st period - Matthew Lombardi wins face-off versus Andrei Loktionov in Flyers zone.
2:12 of 1st period - Snap shot by Kyle Okposo.
2:12 of 1st period - Goal by Kyle Okposo - Sabres : 1 - Flyers : 0.
2:13 of 1st period - Jeff Carter wins face-off versus Ryan O'Reilly in neutral zone.
2:16 of 1st period - Snap shot by Jeff Carter.
2:16 of 1st period - Shot Misses the Net.
2:40 of 1st period - Wade Redden is hit by Jakub Voracek.
2:44 of 1st period - Wrist shot by Drew Miller.
2:44 of 1st period - Shot Blocked by Jordan Leopold.
3:11 of 1st period - Backhand shot by Kyle Wellwood.
3:11 of 1st period - Deflect By Drew Miller.
3:11 of 1st period - Deflect By Rob Scuderi.
3:11 of 1st period - Shot Blocked by Jakub Kindl.
3:11 of 1st period - Puck is out of play.
3:12 of 1st period - Ryan O'Reilly wins face-off versus J.T. Miller in Sabres zone.
3:37 of 1st period - Rob Scuderi is hit by Matthew Lombardi and loses puck.
4:17 of 1st period - Wrist shot by Drew Miller.
4:17 of 1st period - Shot Misses the Net.
4:37 of 1st period - Matt Smaby is hit by Scottie Upshall and loses puck.
5:44 of 1st period - Andrei Loktionov is hit by Jakub Voracek and loses puck.
5:55 of 1st period - Snap shot by Andrei Loktionov.
5:55 of 1st period - Stopped by Steve Mason without a rebound.
5:56 of 1st period - Jeff Carter wins face-off versus Ryan O'Reilly in Flyers zone.
7:29 of 1st period - Slapshot by Jaromir Jagr.
7:29 of 1st period - Stopped by Jonas Hiller with a rebound.
7:31 of 1st period - Snap shot by Matt Smaby.
7:31 of 1st period - Stopped by Jonas Hiller without a rebound.
7:32 of 1st period - Jeff Carter wins face-off versus Ryan O'Reilly in Sabres zone.
7:57 of 1st period - Jared Cowen is hit by Oliver Ekman-Larsson and loses puck.
8:04 of 1st period - Slapshot by Michael Kostka.
8:04 of 1st period - Shot Blocked by Jakub Voracek.
8:28 of 1st period - Backhand shot by Scottie Upshall.
8:28 of 1st period - Shot Misses the Net.
8:30 of 1st period - Slapshot by Ilya Kovalchuk.
8:30 of 1st period - Stopped by Steve Mason with a rebound.
8:47 of 1st period - Randy Jones is hit by Brad Richardson and loses puck.
9:06 of 1st period - Icing by Matt Smaby.
9:07 of 1st period - Marcus Kruger wins face-off versus Andrei Loktionov in Flyers zone.
9:14 of 1st period - Darcy Hordichuk is hit by Dany Heatley and loses puck.
9:21 of 1st period - Snap shot by Dany Heatley.
9:21 of 1st period - Stopped by Jonas Hiller with a rebound.
9:23 of 1st period - Wrist shot by Marcus Kruger.
9:23 of 1st period - Shot Misses the Net.
9:52 of 1st period - Snap shot by Mats Zuccarello.
9:52 of 1st period - Shot Blocked by Rob Scuderi.
9:54 of 1st period - Slapshot by Randy Jones.
9:54 of 1st period - Stopped by Jonas Hiller without a rebound.
9:55 of 1st period - Vincent Lecavalier wins face-off versus Kyle Wellwood in Sabres zone.
9:55 of 1st period - Vincent Lecavalier is hit by Jakub Voracek.
10:00 of 1st period - Icing by Brad Richardson.
10:01 of 1st period - Kyle Wellwood wins face-off versus Vincent Lecavalier in Sabres zone.
10:03 of 1st period - Minor Penalty to Drew Miller for Hooking.
10:04 of 1st period - Andrei Loktionov wins face-off versus Matthew Lombardi in Flyers zone.
10:04 of 1st period - Wrist shot by Ilya Kovalchuk.
10:04 of 1st period - Shot Blocked by Oliver Ekman-Larsson.
10:12 of 1st period - Snap shot by Andrei Loktionov.
10:12 of 1st period - Shot Hit the Post.
10:14 of 1st period - Slapshot by Jared Cowen.
10:14 of 1st period - Stopped by Steve Mason without a rebound.
10:15 of 1st period - Andrei Loktionov wins face-off versus Matthew Lombardi in Flyers zone.
10:22 of 1st period - Slapshot by Andrei Loktionov.
10:22 of 1st period - Shot Blocked by Tom Poti.
12:03 of 1st period - Penalty to Drew Miller is over, Drew Miller is back on ice.
12:30 of 1st period - Brian Lashoff is hit by Rob Scuderi and loses puck.
13:01 of 1st period - Drew Miller is hit by Darcy Hordichuk and loses puck.
13:20 of 1st period - Minor Penalty to Brian McGrattan for Slashing.
13:21 of 1st period - Andrei Loktionov wins face-off versus Drew Miller in Flyers zone.
13:33 of 1st period - Matthew Lombardi is hit by Andrei Loktionov and loses puck.
13:50 of 1st period - Chris Mcallister is hit by Vincent Lecavalier.
13:54 of 1st period - Kyle Wellwood is hit by Vincent Lecavalier.
14:15 of 1st period - Drew Miller is hit by Rob Scuderi and loses puck.
15:20 of 1st period - Penalty to Brian McGrattan is over, Brian McGrattan is back on ice.
15:50 of 1st period - Wrist shot by Mats Zuccarello.
15:50 of 1st period - Stopped by Jonas Hiller with a rebound.
15:52 of 1st period - Slapshot by Brian Lashoff.
15:52 of 1st period - Shot Misses the Net.
16:06 of 1st period - J.T. Miller is hit by Brad Richardson and loses puck.
16:26 of 1st period - Jared Cowen is hit by Brian McGrattan and loses puck.
16:48 of 1st period - Snap shot by Dany Heatley.
16:48 of 1st period - Stopped by Jonas Hiller with a rebound.
17:04 of 1st period - Zack Kassian is hit by Drew Miller and loses puck.
17:11 of 1st period - Kyle Wellwood is hit by Jakub Kindl and loses puck.
17:27 of 1st period - Oliver Ekman-Larsson is hit by Kyle Okposo and loses puck.
17:39 of 1st period - Icing by Brandon Sutter.
17:40 of 1st period - Marcus Kruger wins face-off versus Brandon Sutter in Sabres zone.
17:41 of 1st period - Wrist shot by Mats Zuccarello.
17:41 of 1st period - Stopped by Jonas Hiller without a rebound.
17:42 of 1st period - Ryan O'Reilly wins face-off versus Matthew Lombardi in Sabres zone.
17:42 of 1st period - Ryan O'Reilly is hit by Matt Smaby.
17:56 of 1st period - Slapshot by Ilya Kovalchuk.
17:56 of 1st period - Deflect By Matt Smaby.
17:56 of 1st period - Shot Misses the Net.
17:56 of 1st period - Puck is out of play.
17:57 of 1st period - Evander Kane wins face-off versus Kyle Wellwood in Flyers zone.
18:10 of 1st period - Wrist shot by Jakub Voracek.
18:10 of 1st period - Shot Misses the Net.
18:24 of 1st period - Evander Kane is hit by Brian McGrattan.
18:36 of 1st period - Snap shot by Matthew Lombardi.
18:36 of 1st period - Deflect By Chris Mcallister.
18:36 of 1st period - Shot Blocked by Brad Richardson.
18:36 of 1st period - Puck is out of play.
18:37 of 1st period - J.T. Miller wins face-off versus Ryan O'Reilly in Sabres zone.
18:44 of 1st period - Backhand shot by Jaromir Jagr.
18:44 of 1st period - Deflect By J.T. Miller.
18:44 of 1st period - Stopped by Jonas Hiller with a rebound.
18:46 of 1st period - Slapshot by Jonathan Ericsson.
18:46 of 1st period - Deflect By Jaromir Jagr.
18:46 of 1st period - Shot Misses the Net.
18:46 of 1st period - Puck is out of play.
18:47 of 1st period - Jeff Carter wins face-off versus Ryan O'Reilly in Sabres zone.
18:48 of 1st period - Slapshot by J.T. Miller.
18:48 of 1st period - Shot Misses the Net.
18:50 of 1st period - Snap shot by Jeff Carter.
18:50 of 1st period - Shot Misses the Net.
18:52 of 1st period - Slapshot by Matt Smaby.
18:52 of 1st period - Shot Blocked by Rob Scuderi.
19:12 of 1st period - Snap shot by Jaromir Jagr.
19:12 of 1st period - Shot Misses the Net.
19:16 of 1st period - Snap shot by Jeff Carter.
19:16 of 1st period - Stopped by Jonas Hiller with a rebound.
19:18 of 1st period - Slapshot by Matt Smaby.
19:18 of 1st period - Stopped by Jonas Hiller with a rebound.
19:20 of 1st period - Snap shot by Matt Smaby.
19:20 of 1st period - Stopped by Jonas Hiller with a rebound.
19:22 of 1st period - Slapshot by Jonathan Ericsson.
19:22 of 1st period - Stopped by Jonas Hiller without a rebound.
19:23 of 1st period - Vincent Lecavalier wins face-off versus Kyle Wellwood in Sabres zone.
19:23 of 1st period - Vincent Lecavalier is hit by Jakub Voracek.
19:39 of 1st period - Snap shot by Evander Kane.
19:39 of 1st period - Stopped by Steve Mason without a rebound.
19:40 of 1st period - Jeff Carter wins face-off versus Ryan O'Reilly in Flyers zone.
19:55 of 1st period - Jared Cowen is hit by Jeff Carter and loses puck.
Goals for this period are 1 for Sabres vs 0 for Flyers.
Shots for this period are 6 for Sabres vs 12 for Flyers.
2nd period
0:01 of 2nd period - Kyle Wellwood wins face-off versus Vincent Lecavalier in neutral zone.
1:29 of 2nd period - Drew Miller is hit by Evander Kane and loses puck.
3:10 of 2nd period - Drew Miller is hit by Vincent Lecavalier and loses puck.
3:28 of 2nd period - Evander Kane is hit by Chris Mcallister and loses puck.
3:41 of 2nd period - Wrist shot by Evander Kane.
3:41 of 2nd period - Goal by Evander Kane - Sabres : 2 - Flyers : 0.
3:42 of 2nd period - Ryan O'Reilly wins face-off versus Kyle Wellwood in neutral zone.
4:34 of 2nd period - Vincent Lecavalier is hit by Jonathan Ericsson and loses puck.
4:43 of 2nd period - Wrist shot by Brian McGrattan.
4:43 of 2nd period - Shot Misses the Net.
4:59 of 2nd period - Tom Poti is hit by Brandon Sutter and loses puck.
5:47 of 2nd period - Off-side.
5:48 of 2nd period - Vincent Lecavalier wins face-off versus Jeff Carter in neutral zone.
6:05 of 2nd period - Slapshot by Randy Jones.
6:05 of 2nd period - Stopped by Jonas Hiller without a rebound.
6:06 of 2nd period - Kyle Wellwood wins face-off versus Ryan O'Reilly in Sabres zone.
6:19 of 2nd period - Snap shot by Kyle Wellwood.
6:19 of 2nd period - Shot Blocked by Jared Cowen.
6:21 of 2nd period - Wrist shot by Jakub Voracek.
6:21 of 2nd period - Stopped by Jonas Hiller without a rebound.
6:22 of 2nd period - Vincent Lecavalier wins face-off versus Jeff Carter in Sabres zone.
6:37 of 2nd period - Slapshot by Evander Kane.
6:37 of 2nd period - Shot Blocked by Matt Smaby.
8:28 of 2nd period - Snap shot by Zack Kassian.
8:28 of 2nd period - Shot Misses the Net.
8:30 of 2nd period - Slapshot by Darcy Hordichuk.
8:30 of 2nd period - Stopped by Steve Mason with a rebound.
8:32 of 2nd period - Slapshot by Rob Scuderi.
8:32 of 2nd period - Shot Misses the Net.
8:46 of 2nd period - Snap shot by Ilya Kovalchuk.
8:46 of 2nd period - Goal by Ilya Kovalchuk - Sabres : 3 - Flyers : 0.
8:47 of 2nd period - Ryan O'Reilly wins face-off versus Kyle Wellwood in neutral zone.
8:52 of 2nd period - Slapshot by Ilya Kovalchuk.
8:52 of 2nd period - Stopped by Steve Mason with a rebound.
8:54 of 2nd period - Snap shot by Jakub Kindl.
8:54 of 2nd period - Deflect By Scottie Upshall.
8:54 of 2nd period - Shot Misses the Net.
8:54 of 2nd period - Puck is out of play.
8:55 of 2nd period - Kyle Wellwood wins face-off versus Ryan O'Reilly in Flyers zone.
9:10 of 2nd period - Snap shot by Ilya Kovalchuk.
9:10 of 2nd period - Stopped by Steve Mason without a rebound.
9:11 of 2nd period - Vincent Lecavalier wins face-off versus Jeff Carter in Flyers zone.
9:22 of 2nd period - Slapshot by Evander Kane.
9:22 of 2nd period - Stopped by Steve Mason with a rebound.
9:24 of 2nd period - Snap shot by Brad Richardson.
9:24 of 2nd period - Stopped by Steve Mason without a rebound.
9:25 of 2nd period - Kyle Wellwood wins face-off versus Ryan O'Reilly in Flyers zone.
10:20 of 2nd period - Snap shot by Brian McGrattan.
10:20 of 2nd period - Shot Misses the Net.
10:22 of 2nd period - Wrist shot by Matthew Lombardi.
10:22 of 2nd period - Shot Misses the Net.
10:24 of 2nd period - Slapshot by Tom Poti.
10:24 of 2nd period - Stopped by Jonas Hiller with a rebound.
10:26 of 2nd period - Snap shot by Matthew Lombardi.
10:26 of 2nd period - Stopped by Jonas Hiller with a rebound.
10:28 of 2nd period - Wrist shot by Matthew Lombardi.
10:28 of 2nd period - Shot Misses the Net.
11:09 of 2nd period - Snap shot by Scottie Upshall.
11:09 of 2nd period - Stopped by Steve Mason with a rebound.
11:11 of 2nd period - Minor Penalty to Kyle Wellwood for Roughing.
11:12 of 2nd period - Matthew Lombardi wins face-off versus Andrei Loktionov in Flyers zone.
11:25 of 2nd period - Snap shot by Drew Miller.
11:25 of 2nd period - Shot Blocked by Michael Kostka.
11:37 of 2nd period - Oliver Ekman-Larsson is hit by Zack Kassian and loses puck.
11:52 of 2nd period - Jared Cowen is hit by Tom Poti and loses puck.
13:11 of 2nd period - Penalty to Kyle Wellwood is over, Kyle Wellwood is back on ice.
13:16 of 2nd period - Icing by Tom Poti.
13:17 of 2nd period - Brandon Sutter wins face-off versus Jeff Carter in Flyers zone.
13:20 of 2nd period - Slapshot by Ryan O'Reilly.
13:20 of 2nd period - Shot Misses the Net.
13:22 of 2nd period - Wrist shot by Brandon Sutter.
13:22 of 2nd period - Stopped by Steve Mason without a rebound.
13:23 of 2nd period - Jeff Carter wins face-off versus Brandon Sutter in Flyers zone.
13:30 of 2nd period - Jeff Carter is hit by Matt Martin and loses puck.
13:35 of 2nd period - Snap shot by Ryan O'Reilly.
13:35 of 2nd period - Stopped by Steve Mason with a rebound.
13:37 of 2nd period - Slapshot by Jordan Leopold.
13:37 of 2nd period - Stopped by Steve Mason without a rebound.
13:38 of 2nd period - Vincent Lecavalier wins face-off versus Kyle Wellwood in Flyers zone.
14:16 of 2nd period - Slapshot by Jared Cowen.
14:16 of 2nd period - Shot Blocked by Oliver Ekman-Larsson.
14:57 of 2nd period - Minor Penalty to Matt Martin for High sticking.
14:58 of 2nd period - Brandon Sutter wins face-off versus Jeff Carter in Sabres zone.
15:08 of 2nd period - Slapshot by Jonathan Ericsson.
15:08 of 2nd period - Stopped by Jonas Hiller with a rebound.
15:10 of 2nd period - Wrist shot by J.T. Miller.
15:10 of 2nd period - Shot Misses the Net.
15:12 of 2nd period - Wrist shot by Jaromir Jagr.
15:12 of 2nd period - Shot Misses the Net.
15:14 of 2nd period - Snap shot by Jaromir Jagr.
15:14 of 2nd period - Shot Blocked by Wade Redden.
15:34 of 2nd period - Slapshot by Jakub Voracek.
15:34 of 2nd period - Shot Blocked by Wade Redden.
16:30 of 2nd period - Jaromir Jagr is hit by Rob Scuderi and loses puck.
16:56 of 2nd period - Icing by Tom Poti.
16:57 of 2nd period - Penalty to Matt Martin is over, Matt Martin is back on ice.
16:57 of 2nd period - Jeff Carter wins face-off versus Ryan O'Reilly in Flyers zone.
17:08 of 2nd period - Matt Smaby is hit by Evander Kane and loses puck.
17:17 of 2nd period - Chris Mcallister is hit by Vincent Lecavalier and loses puck.
17:38 of 2nd period - Jared Cowen is hit by Dany Heatley and loses puck.
18:26 of 2nd period - Icing by Zack Kassian.
18:27 of 2nd period - Brandon Sutter wins face-off versus Dany Heatley in Sabres zone.
18:27 of 2nd period - Brandon Sutter is hit by Dany Heatley.
18:33 of 2nd period - Wrist shot by Marcus Kruger.
18:33 of 2nd period - Shot Misses the Net.
18:35 of 2nd period - Snap shot by Marcus Kruger.
18:35 of 2nd period - Stopped by Jonas Hiller without a rebound.
18:36 of 2nd period - Ryan O'Reilly wins face-off versus Kyle Wellwood in Sabres zone.
18:36 of 2nd period - Ryan O'Reilly is hit by Jakub Voracek.
Goals for this period are 2 for Sabres vs 0 for Flyers.
Shots for this period are 11 for Sabres vs 6 for Flyers.
3rd period
0:01 of 3rd period - Kyle Wellwood wins face-off versus Ryan O'Reilly in neutral zone.
0:12 of 3rd period - Ilya Kovalchuk is hit by Tom Poti and loses puck.
0:19 of 3rd period - Kyle Wellwood is hit by Ryan O'Reilly and loses puck.
0:38 of 3rd period - Slapshot by Tom Poti.
0:38 of 3rd period - Shot Misses the Net.
0:40 of 3rd period - Snap shot by Jeff Carter.
0:40 of 3rd period - Stopped by Jonas Hiller with a rebound.
0:44 of 3rd period - Snap shot by Jeff Carter.
0:44 of 3rd period - Shot Misses the Net.
1:26 of 3rd period - Snap shot by Marcus Kruger.
1:26 of 3rd period - Stopped by Jonas Hiller without a rebound.
1:27 of 3rd period - Kyle Wellwood wins face-off versus Ryan O'Reilly in Sabres zone.
1:34 of 3rd period - Wrist shot by Drew Miller.
1:34 of 3rd period - Stopped by Jonas Hiller with a rebound.
1:46 of 3rd period - Jakub Voracek is hit by Ilya Kovalchuk and loses puck.
1:57 of 3rd period - Wrist shot by Andrei Loktionov.
1:57 of 3rd period - Goal by Andrei Loktionov - Sabres : 4 - Flyers : 0.
1:57 of 3rd period - Cory Schneider enters game.
1:58 of 3rd period - Jeff Carter wins face-off versus Ryan O'Reilly in neutral zone.
2:07 of 3rd period - Snap shot by Jaromir Jagr.
2:07 of 3rd period - Shot Misses the Net.
2:15 of 3rd period - Wrist shot by J.T. Miller.
2:15 of 3rd period - Stopped by Jonas Hiller with a rebound.
2:29 of 3rd period - Tom Poti is hit by Jakub Kindl.
2:47 of 3rd period - Andrei Loktionov is hit by Matthew Lombardi and loses puck.
3:30 of 3rd period - Slapshot by Michael Kostka.
3:30 of 3rd period - Shot Misses the Net.
3:32 of 3rd period - Wrist shot by Jared Cowen.
3:32 of 3rd period - Stopped by Cory Schneider with a rebound.
3:34 of 3rd period - Wrist shot by Andrei Loktionov.
3:34 of 3rd period - Stopped by Cory Schneider without a rebound.
3:35 of 3rd period - Marcus Kruger wins face-off versus Ryan O'Reilly in Flyers zone.
3:46 of 3rd period - Slapshot by Dany Heatley.
3:46 of 3rd period - Shot Misses the Net.
3:52 of 3rd period - Wrist shot by Mats Zuccarello.
3:52 of 3rd period - Shot Blocked by Rob Scuderi.
4:12 of 3rd period - Snap shot by Ilya Kovalchuk.
4:12 of 3rd period - Stopped by Cory Schneider without a rebound.
4:13 of 3rd period - Vincent Lecavalier wins face-off versus Jeff Carter in Flyers zone.
4:20 of 3rd period - Slapshot by J.T. Miller.
4:20 of 3rd period - Shot Misses the Net.
4:22 of 3rd period - Backhand shot by Oliver Ekman-Larsson.
4:22 of 3rd period - Stopped by Jonas Hiller with a rebound.
4:24 of 3rd period - Slapshot by Tom Poti.
4:24 of 3rd period - Shot Blocked by Jordan Leopold.
4:41 of 3rd period - Minor Penalty to Drew Miller for Hooking.
4:42 of 3rd period - Matthew Lombardi wins face-off versus Andrei Loktionov in Flyers zone.
5:41 of 3rd period - Off-side.
5:42 of 3rd period - Vincent Lecavalier wins face-off versus Marcus Kruger in neutral zone.
6:41 of 3rd period - Penalty to Drew Miller is over, Drew Miller is back on ice.
7:03 of 3rd period - Ilya Kovalchuk is hit by Drew Miller and loses puck.
7:16 of 3rd period - Snap shot by Ryan O'Reilly.
7:16 of 3rd period - Stopped by Cory Schneider without a rebound.
7:17 of 3rd period - Kyle Okposo wins face-off versus Dany Heatley in Flyers zone.
7:44 of 3rd period - Minor Penalty to Drew Miller for Holding.
7:45 of 3rd period - Matthew Lombardi wins face-off versus Andrei Loktionov in Flyers zone.
9:44 of 3rd period - Penalty to Drew Miller is over, Drew Miller is back on ice.
9:45 of 3rd period - Icing by Vincent Lecavalier.
9:46 of 3rd period - Vincent Lecavalier wins face-off versus Kyle Wellwood in Sabres zone.
9:46 of 3rd period - Vincent Lecavalier is hit by Kyle Wellwood.
10:22 of 3rd period - Wrist shot by Andrei Loktionov.
10:22 of 3rd period - Shot Misses the Net.
10:34 of 3rd period - Wrist shot by Mats Zuccarello.
10:34 of 3rd period - Shot Blocked by Michael Kostka.
10:40 of 3rd period - Snap shot by Dany Heatley.
10:40 of 3rd period - Stopped by Jonas Hiller without a rebound.
10:41 of 3rd period - Kyle Wellwood wins face-off versus Ryan O'Reilly in Sabres zone.
10:42 of 3rd period - Snap shot by Drew Miller.
10:42 of 3rd period - Stopped by Jonas Hiller with a rebound.
10:44 of 3rd period - Slapshot by Tom Poti.
10:44 of 3rd period - Stopped by Jonas Hiller without a rebound.
10:45 of 3rd period - Kyle Wellwood wins face-off versus Brad Richardson in Sabres zone.
10:54 of 3rd period - Slapshot by Vincent Lecavalier.
10:54 of 3rd period - Stopped by Cory Schneider without a rebound.
10:55 of 3rd period - Jeff Carter wins face-off versus Vincent Lecavalier in Flyers zone.
11:01 of 3rd period - Minor Penalty to Michael Kostka for Hooking.
11:02 of 3rd period - Brandon Sutter wins face-off versus Jeff Carter in Sabres zone.
11:52 of 3rd period - Jaromir Jagr is hit by Jakub Kindl and loses puck.
12:38 of 3rd period - Icing by J.T. Miller.
12:39 of 3rd period - Jeff Carter wins face-off versus Brandon Sutter in Flyers zone.
13:01 of 3rd period - Penalty to Michael Kostka is over, Michael Kostka is back on ice.
13:26 of 3rd period - Randy Jones is hit by Ilya Kovalchuk and loses puck.
13:54 of 3rd period - Snap shot by Vincent Lecavalier.
13:54 of 3rd period - Goal by Vincent Lecavalier - Sabres : 5 - Flyers : 0.
13:55 of 3rd period - Ryan O'Reilly wins face-off versus Jeff Carter in neutral zone.
14:04 of 3rd period - Slapshot by J.T. Miller.
14:04 of 3rd period - Stopped by Jonas Hiller with a rebound.
14:06 of 3rd period - Slapshot by Oliver Ekman-Larsson.
14:06 of 3rd period - Deflect By Jaromir Jagr.
14:06 of 3rd period - Goal by Jaromir Jagr - Sabres : 5 - Flyers : 1.
14:07 of 3rd period - Jeff Carter wins face-off versus Ryan O'Reilly in neutral zone.
14:12 of 3rd period - Wrist shot by Jaromir Jagr.
14:12 of 3rd period - Shot Misses the Net.
14:14 of 3rd period - Slapshot by J.T. Miller.
14:14 of 3rd period - Shot Blocked by Jared Cowen.
14:16 of 3rd period - Slapshot by Tom Poti.
14:16 of 3rd period - Stopped by Jonas Hiller with a rebound.
14:18 of 3rd period - Slapshot by Jaromir Jagr.
14:18 of 3rd period - Stopped by Jonas Hiller without a rebound.
14:19 of 3rd period - Ryan O'Reilly wins face-off versus Jeff Carter in Sabres zone.
14:33 of 3rd period - Slapshot by Oliver Ekman-Larsson.
14:33 of 3rd period - Shot Blocked by Ilya Kovalchuk.
15:02 of 3rd period - Snap shot by Ryan O'Reilly.
15:02 of 3rd period - Shot Blocked by Oliver Ekman-Larsson.
15:04 of 3rd period - Minor Penalty to Chris Mcallister for Holding.
15:05 of 3rd period - Vincent Lecavalier wins face-off versus Matthew Lombardi in Flyers zone.
15:06 of 3rd period - Snap shot by Evander Kane.
15:06 of 3rd period - Stopped by Cory Schneider with a rebound.
15:14 of 3rd period - Wrist shot by Evander Kane.
15:14 of 3rd period - Shot Misses the Net.
17:04 of 3rd period - Penalty to Chris Mcallister is over, Chris Mcallister is back on ice.
17:10 of 3rd period - Snap shot by Darcy Hordichuk.
17:10 of 3rd period - Shot Misses the Net.
17:28 of 3rd period - Snap shot by Drew Miller.
17:28 of 3rd period - Stopped by Jonas Hiller with a rebound.
17:30 of 3rd period - Snap shot by Oliver Ekman-Larsson.
17:30 of 3rd period - Stopped by Jonas Hiller without a rebound.
17:31 of 3rd period - Ryan O'Reilly wins face-off versus Dany Heatley in Sabres zone.
17:31 of 3rd period - Ryan O'Reilly is hit by Marcus Kruger.
17:34 of 3rd period - Icing by Michael Kostka.
17:35 of 3rd period - Marcus Kruger wins face-off versus Ryan O'Reilly in Sabres zone.
18:26 of 3rd period - Wrist shot by Dany Heatley.
18:26 of 3rd period - Shot Blocked by Brad Richardson.
18:28 of 3rd period - Slapshot by Marcus Kruger.
18:28 of 3rd period - Stopped by Jonas Hiller without a rebound.
18:29 of 3rd period - Kyle Wellwood wins face-off versus Scottie Upshall in Sabres zone.
18:30 of 3rd period - Slapshot by Drew Miller.
18:30 of 3rd period - Stopped by Jonas Hiller without a rebound.
18:31 of 3rd period - Ryan O'Reilly wins face-off versus Kyle Wellwood in Sabres zone.
18:38 of 3rd period - Snap shot by Ryan O'Reilly.
18:38 of 3rd period - Goal by Ryan O'Reilly - Sabres : 6 - Flyers : 1.
18:39 of 3rd period - Kyle Wellwood wins face-off versus Ryan O'Reilly in neutral zone.
18:48 of 3rd period - Snap shot by Ilya Kovalchuk.
18:48 of 3rd period - Stopped by Cory Schneider with a rebound.
18:50 of 3rd period - Snap shot by Ryan O'Reilly.
18:50 of 3rd period - Shot Misses the Net.
18:52 of 3rd period - Slapshot by Jakub Kindl.
18:52 of 3rd period - Stopped by Cory Schneider with a rebound.
19:04 of 3rd period - Rob Scuderi is hit by Jeff Carter and loses puck.
19:17 of 3rd period - Snap shot by J.T. Miller.
19:17 of 3rd period - Stopped by Jonas Hiller with a rebound.
19:37 of 3rd period - Wrist shot by Andrei Loktionov.
19:37 of 3rd period - Deflect By Matt Smaby.
19:37 of 3rd period - Shot Misses the Net.
19:37 of 3rd period - Puck is out of play.
19:38 of 3rd period - Ryan O'Reilly wins face-off versus Kyle Wellwood in Flyers zone.
19:39 of 3rd period - Wrist shot by Ilya Kovalchuk.
19:39 of 3rd period - Stopped by Cory Schneider with a rebound.
Goals for this period are 3 for Sabres vs 1 for Flyers.
Shots for this period are 12 for Sabres vs 17 for Flyers.
Back to the Top